 Dungeon Crawl Stone Soup version 0.19-a0-1704-gbd66c22 (webtiles) character file.

4281 Djon the Impaler (level 10, -6/67 HPs)
             Began as a Merfolk Gladiator on Sept 28, 2016.
             Killed from afar by an orc (15 damage)
             ... with a wand of lightning
             ... on level 9 of the Dungeon.
             The game lasted 00:16:06 (6757 turns).

Djon the Impaler (Merfolk Gladiator)                Turns: 6757, Time: 00:16:06

Health: -6/67      AC:  9    Str: 19    XL:     10   Next: 32%
Magic:  10/10      EV: 18    Int:  9    God:
Gold:   419        SH:  0    Dex: 18    Spells: 0 memorised, 9 levels left

rFire  . . .     SeeInvis .     v - +0 trident (venom)
rCold  . . .     Gourm    .     h - +1 ring mail
rNeg   . . .     Faith    .     (no shield)
rPois  .         Spirit   .     c - +0 helmet
rElec  .         Dismiss  .     N - -1 cloak (curse)
rCorr  .         Reflect  .     (no gloves)
MR     +....     Harm     .     j - +0 pair of boots
Stlth  +.........               t - amulet of magic regeneration
                                I - ring of protection from magic
                                i - +3 ring of strength

@: no status effects
A: change form in water, swift swim, stealthy swim, clever 1
a: no special abilities


You were on level 9 of the Dungeon.
You were hungry.

You visited 2 branches of the dungeon, and saw 10 of its levels.
You also visited: Sewer.

You collected 419 gold pieces.

Inventory:

Hand Weapons
 v - a +0 trident of venom (weapon)
 y - a +0 halberd
Missiles
 d - 3 throwing nets (quivered)
Armour
 c - a +0 helmet (worn)
 h - a +1 ring mail (worn)
 j - a +0 pair of boots (worn)
 N - a cursed -1 cloak (worn)
Jewellery
 i - a +3 ring of strength (left hand)
 t - an amulet of magic regeneration (around neck)
 I - a ring of protection from magic (right hand)
Wands
 q - a wand of polymorph (5/24)
 F - a wand of random effects (22/48)
 M - a wand of confusion (33/48)
Scrolls
 a - a scroll of immolation
 g - 8 scrolls of identify
 k - a scroll of fog
 m - 2 scrolls of amnesia {unknown}
 o - 2 scrolls of fear
 u - 5 scrolls of teleportation
 D - a scroll of torment {unknown}
 G - 2 scrolls of remove curse
 H - 2 scrolls of blinking
Potions
 b - 2 potions of haste
 e - 2 potions of berserk rage {unknown}
 n - a potion of degeneration {unknown}
 p - 2 potions of magic {unknown}
 s - a potion of agility {unknown}
 w - 4 potions of curing {unknown}
 x - a potion of cancellation {unknown}
 z - a potion of might {unknown}
 B - a potion of flight {unknown}
 E - a potion of mutation {unknown}
 J - 2 potions of brilliance {unknown}
 K - a potion of heal wounds {unknown}
 L - a potion of invisibility {unknown}
Comestibles
 f - 4 bread rations
 l - 3 meat rations
 r - a slice of pizza
 A - 3 beef jerkies
 C - 2 royal jellies


   Skills:
 - Level 2.1 Fighting
 * Level 17.5 Polearms
 - Level 2.0 Throwing
 + Level 9.5 Dodging


You had 9 spell levels left.
You didn't know any spells.

Dungeon Overview and Level Annotations

Branches:
Dungeon (9/15)             Temple (1/1) D:7            Lair (0/6) D:8
    Orc: D:9-12

Altars:
Ashenzari
Cheibriados
Dithmenos
Elyvilon
Fedhas
Gozag
Hepliaklqana
Kikubaaqudgha
Makhleb
Nemelex Xobeh
Qazlal
Ru
Sif Muna
Trog
Uskayaw
Vehumet
Xom
Yredelemnul
Zin
The Shining One


Innate Abilities, Weirdness & Mutations

You revert to your normal form in water.
You are very nimble and swift while swimming.
You are very stealthy in the water.
Your mind is acute. (Int +2)


Message History

Your +0 trident of venom begins to drip with poison!
v - a +0 trident of venom (weapon)
The yak barely misses you.
You barely miss the yak. You hit the yak but do no damage. The yak gores you!
* * * LOW HITPOINT WARNING * * *
A yak comes into view.
The yak bellows!
You hear a distant blaring wail to the southeast.
There is an open door here.
Found 16 gold pieces.
An iguana comes into view.
An orc comes into view. It is wielding a short sword.
The orc shouts!
The iguana hisses angrily.
An orc comes into view. It is wielding a flail.
The orc shouts!
The orc zaps a wand.
The bolt of lightning hits the orc.
The orc dies!
The bolt of lightning hits you!
You die...

.#.#
#.._...##'###.#).......
.#.#
#.P.P.##...##.#.######.
.#.# #.....##...##.#..
...#+####.###...##.##.#
........Y..#...Y##.# ..
#..........#....##+###.#
(((........#...Y.....#..
...))......#.........##.#
.###†####.##....@....# .#
#$# #.##.........# .# #.#
#.##....#..$## .# #Y#
.##.l..#)..# .. ...
......#...# .# #.#
.#.##.##...# ... #. ..
.o.# #.# # ... ...# ...


You could see 2 yaks, an iguana and an orc.

Vanquished Creatures
  2 hippogriffs
  Sigmund (D:5)
  3 yaks (D:5)
  A steam dragon (D:8)
  A hungry ghost (D:7)
  Menkaure (D:4)
  Edmund (D:4)
  A water moccasin (D:3)
  An ice beast (D:8)
  2 wasps
  An orc warrior (D:8)
  2 sky beasts
  Purgy (Sewer)
  A black bear (D:8)
  A phantom (D:4)
  4 centaurs
  Blork the orc (D:6)
  2 bullfrogs (D:6)
  4 scorpions
  5 howler monkeys
  A centaur zombie (D:6)
  A crimson imp (D:5)
  3 jellies
  An orc wizard (D:5)
  An orc priest (D:8)
  A centaur skeleton (D:8)
  5 hounds
  4 iguanas
  8 worker ants
  A killer bee zombie (D:5)
  4 gnolls (D:5)
  12 adders
  A howler monkey skeleton (D:4)
  3 shadow imps
  An ooze (D:3)
  2 adder skeletons
  2 worms
  5 dart slugs
  5 leopard geckos
  26 orcs
  4 ball pythons
  5 giant cockroaches
  9 goblins
  7 hobgoblins
  10 jackals
  2 quokkas
  13 bats
  11 frilled lizards
  A giant cockroach zombie (D:5)
  9 kobolds
  A leopard gecko skeleton (D:8)
  14 rats
209 creatures vanquished.

Vanquished Creatures (others)
  An orc (D:9)
1 creature vanquished.

Grand Total: 210 creatures vanquished

Notes
Turn   | Place    | Note
-------+----------+-------------------------------------------
     0 | D:1      | Djon the Merfolk Gladiator began the quest for the Orb.
     0 | D:1      | Reached XP level 1. HP: 16/16 MP: 1/1
    98 | D:1      | Reached skill level 5 in Polearms
   105 | D:1      | Reached XP level 2. HP: 21/22 MP: 2/2
   167 | D:1      | Reached XP level 3. HP: 15/27 MP: 3/3
   214 | D:1      | Reached skill level 6 in Polearms
   851 | D:2      | Reached skill level 7 in Polearms
   851 | D:2      | Reached XP level 4. HP: 20/33 MP: 4/4
  1723 | D:3      | Reached skill level 8 in Polearms
  1723 | D:3      | Reached XP level 5. HP: 24/38 MP: 5/5
  1826 | D:3      | Noticed a water moccasin
  1843 | D:3      | Killed a water moccasin
  1843 | D:3      | Reached skill level 9 in Polearms
  1915 | D:3      | Reached XP level 6. HP: 16/44 MP: 6/6
  2062 | D:3      | Found a glowing drain.
  2074 | Sewer    | Entered a sewer
  2097 | Sewer    | Noticed Purgy
  2119 | Sewer    | Killed Purgy
  2119 | Sewer    | Reached skill level 10 in Polearms
  2642 | D:4      | Noticed Edmund
  2660 | D:4      | Killed Edmund
  2660 | D:4      | Reached XP level 7. HP: 47/50 MP: 7/7
  2739 | D:4      | Reached skill level 11 in Polearms
  2964 | D:4      | Gained mutation: Your mind is acute. (Int +2) [mutagenic meat]
  3043 | D:4      | Noticed Menkaure
  3051 | D:4      | Killed Menkaure
  3051 | D:4      | Reached skill level 12 in Polearms
  3239 | D:4      | Reached XP level 8. HP: 41/56 MP: 8/8
  3555 | D:5      | Entered Level 5 of the Dungeon
  3586 | D:5      | Reached skill level 13 in Polearms
  3776 | D:5      | Noticed a yak
  3777 | D:5      | Noticed a yak
  3778 | D:5      | Noticed a yak
  3803 | D:5      | Killed a yak
  3803 | D:5      | Reached skill level 5 in Dodging
  3822 | D:5      | Killed a yak
  3822 | D:5      | Reached skill level 14 in Polearms
  3953 | D:5      | Killed a yak
  4268 | D:5      | Noticed Sigmund
  4285 | D:5      | Killed Sigmund
  4285 | D:5      | Reached XP level 9. HP: 55/61 MP: 9/9
  4823 | D:6      | Reached skill level 15 in Polearms
  4861 | D:6      | Noticed Blork the orc
  4873 | D:6      | Killed Blork the orc
  5476 | D:7      | Found a staircase to the Ecumenical Temple.
  5480 | Temple   | Entered the Ecumenical Temple
  5807 | D:7      | Reached skill level 16 in Polearms
  6084 | D:8      | Reached XP level 10. HP: 61/67 MP: 10/10
  6141 | D:8      | Reached skill level 17 in Polearms
  6201 | D:8      | Found a staircase to the Lair.
  6589 | D:8      | Found an opulent altar of Gozag.
  6683 | D:9      | Found a basalt altar of Yredelemnul.
  6757 | D:9      | Killed from afar by an orc

Vault maps used:
D:1:      lemuel_arrival_broad_hall
D:2:      kennysheep_big_flooded_room, kennysheep_generic_room_16
D:3:      portal_sewer_entry_f
D:4:      first_bread, uniq_edmund, uniq_menkaure
D:5:      minmay_misc_feat_enclosed, uniq_sigmund
D:6:      hangedman_cross_stitches, uniq_blork_the_orc
D:8:      lemuel_coloured_pillars_altar, lair_0_dummy
D:9:      lemuel_round_altar, yredelemnul_altar_generic, david_orc_5
Temple:   regret_index_temple_mists
Sewer:    sewer_co_purgy_island

Skill      XL: |  1  2  3  4  5  6  7  8  9 10 |
---------------+-------------------------------+-----
Polearms       | 5 7 8 9 10 12 14 16 17 | 17.5
Dodging        | 6 8 9 |  9.5
Fighting       | |  2.1
Throwing       | |  2.0

Action                   |  1- 3 |  4- 6 |  7- 9 | 10-12 || total
-------------------------+-------+-------+-------+-------++-------
Melee: Trident           |   147 |   218 |   409 |     4 ||   778
       Tailslap          |       |     2 |       |       ||     2
       Halberd           |       |       |       |    78 ||    78
  Use: Scroll            |     2 |     6 |     2 |       ||    10
 Stab: Sleeping          |       |       |     3 |       ||     3
       Distracted        |       |       |     1 |     1 ||     2
  Eat: Chunk             |       |     5 |    12 |       ||    17
       Meat ration       |       |       |     1 |       ||     1
Armor: Ring mail         |    67 |    46 |    55 |    21 ||   189
       Leather armour    |     4 |       |       |       ||     4
Dodge: Dodged            |    90 |    90 |   141 |    46 ||   367
